 Dungeon Crawl Stone Soup version 0.31-a0-986-g5e6e4ef867 (webtiles) character file.

Game seed: 3059352594333875290

9837 DocClef the Grappler (level 11, -22/97 (111) HPs)
             Began as a Troll Shapeshifter on Nov 9, 2023.
             Was a High Priest of Okawaru.
             Annihilated by Lodul
             ... wielding a +0 dire flail
              (24 damage)
             ... on level 10 of the Dungeon.
             The game lasted 00:16:18 (8269 turns).

DocClef the Grappler (Troll Shapeshifter)           Turns: 8269, Time: 00:16:19

HP:   -22/97 (111)  AC:  5    Str: 26    XL:     11   Next: 28%
MP:   12/14         EV: 13    Int:  6    God:    Okawaru [*****.]
Gold: 436           SH:  0    Dex: 17    Spells: 10/10 levels left

rFire   . .          .
                       - Unarmed
rCold   . . .        (shield currently unavailable)
rNeg    . . .        N - +0 troll leather armour
rPois   .            M - +0 hat {SInv}
rElec   .            (no cloak)
rCorr   +            (gloves unavailable)
SInv    +            (boots unavailable)
Will    .....        F - amulet of regeneration
Stlth   +            q - ring of resist corrosion
HPRegen 2.76/turn    r - +6 ring of dexterity
MPRegen 0.14/turn

%: no passive effects
@: flux-form, heroic, slowed, glowing, studying Maces & Flails, heavily drained,
very slow
A: glow, contaminating, large, unfitting armour, claws 3, regeneration 1, shaggy
fur 1, tough skin 1
a: Begin Untransformation, Renounce Religion, Heroism, Finesse, Duel


You were on level 10 of the Dungeon.
You worshipped Okawaru.
Okawaru was extremely pleased with you.
You were something dangerously unstable.
You visited 2 branches of the dungeon, and saw 11 of its levels.
You also visited: Sewer and Ossuary.

You collected 475 gold pieces.
You spent 39 gold pieces at shops.

Inventory:

Missiles
 H - a throwing net
Armour
 a - a +1 animal skin
 M - a +0 hat of see invisible (worn)
 N - a +0 troll leather armour (worn)
Jewellery
 o - a +6 ring of intelligence
 q - a ring of resist corrosion (left claw)
 r - a +6 ring of dexterity (right claw)
 t - a ring of magical power
 u - an amulet of reflection
 E - a ring of willpower
 F - an amulet of regeneration (around neck)
Talismans
 c - a beast talisman
 d - a flux talisman (active)
Wands
 I - a wand of iceblast (7)
 K - a wand of flame (24)
 L - a wand of mindburst (10)
Scrolls
 f - 5 scrolls of teleportation
 i - 13 scrolls of identify
 j - a scroll of immolation
 n - a scroll of vulnerability
 p - a scroll of enchant armour
 A - a scroll of enchant weapon
 D - 2 scrolls of amnesia
 J - a scroll of revelation
Potions
 b - 4 potions of lignification
 e - 2 potions of brilliance {unknown}
 g - a potion of ambrosia
 h - 7 potions of degeneration {unknown}
 k - 4 potions of attraction {unknown}
 l - a potion of mutation {unknown}
 m - 7 potions of curing
 s - 5 potions of might {unknown}
 v - 2 potions of berserk rage {unknown}
 w - a potion of experience {unknown}
 x - a potion of magic {unknown}
 z - 2 potions of heal wounds {unknown}
 B - a potion of invisibility {unknown}
 C - 2 potions of enlightenment {unknown}
 G - a potion of haste {unknown}


   Skills:
 + Level 8.2(13.2) Fighting
 - Level 1.5(6.5) Dodging
 + Level 10.1(15.1) Unarmed Combat
 - Level 5.8 Invocations
 + Level 9.3 Shapeshifting


You had 10 spell levels left.
You didn't know any spells.
Your spell library contained the following spells:

 Spells                   Type           Power      Damage    Failure   Level
 Lesser Beckoning         Tloc           0%         N/A       63%         2
 Gell's Gravitas          Tloc           0%         N/A       86%         3
 Teleport Other           Tloc           0%         N/A       86%         3


Dungeon Overview and Level Annotations

Branches:
Dungeon (10/15)            Temple (1/1) D:5            Lair (0/5) D:9
    Orc (0/2) D:9           Sewer (visited)         Ossuary (visited)

Altars:
Ashenzari
Cheibriados
Dithmenos
Elyvilon
Fedhas
Gozag
Hepliaklqana
Kikubaaqudgha
Makhleb
Nemelex Xobeh
Okawaru
Qazlal
Ru
Sif Muna
Trog
Uskayaw
Vehumet
Wu Jian
Xom
Yredelemnul
Zin
The Shining One

Shops:
D:5 *   D:9 (:=[

Annotations:
D:7 2 transporters, Stellion's ghost, novice DECj
D:10 Lodul


Innate Abilities, Weirdness & Mutations

You are something dangerously unstable.
You glow with magical radiation, making you easy to see and hit.
Foes you strike become dangerously contaminated with magical radiation.
You are incapable of wielding weapons or throwing items.
You are too large for most types of armour.
You have claws for hands.
Your natural rate of healing is unusually fast.
You are covered in fur. (AC +1)
You have tough skin. (AC +1)


Message History

The vampire mosquito barely misses you.
The vampire mosquito bites you but does no damage.
You fail to use your ability.
The vampire mosquito bites you.
The vampire mosquito draws strength from your injuries!
Cornered, the hornet turns to fight!
The vampire mosquito bites you.
The vampire mosquito draws strength from your injuries!
The vampire mosquito closely misses you.
The hornet stings you.
You feel yourself slow down.
You gain the combat prowess of a mighty hero.
The vampire mosquito bites you.
The vampire mosquito draws strength from your injuries!
The vampire mosquito bites you.
The vampire mosquito draws strength from your injuries!
The vampire mosquito bites you!
The vampire mosquito draws strength from your injuries!
The vampire mosquito barely misses you. The hornet closely misses you.
The vampire mosquito barely misses you. The vampire mosquito misses you.
The hornet stings you.
You feel as though you will be slow longer.
Lodul shouts!
Lodul stops glowing.
The vampire mosquito attacks as it pursues you!
The vampire mosquito bites you.
The vampire mosquito draws strength from your injuries!
The vampire mosquito barely misses you. The vampire mosquito misses you.
Electricity crackles from Lodul's apparatus.
The bolt of lightning hits you!!
* * * LOW HITPOINT WARNING * * *
The vampire mosquito misses you. The vampire mosquito bites you!
* * * LOW HITPOINT WARNING * * *
The vampire mosquito draws strength from your injuries!
An ogre comes into view. It is wielding a +0 giant club.
The vampire mosquito bites you!
* * * LOW HITPOINT WARNING * * *
The vampire mosquito draws strength from your injuries!
The vampire mosquito barely misses you. The vampire mosquito bites you!
* * * LOW HITPOINT WARNING * * *
The vampire mosquito draws strength from your injuries!
Lodul hits you with a +0 dire flail!!
You die...

...##.# .#.#
..##.##.#.#
#...O.....#
#<........
#.###.#...#.# #
#...††......#.#
###.###...###.#
...####O###..#.
###.#.Opyy......
#Y#.##yy≈~~~~~
#.# #y~#####~ .Y
#.~# #. #o~#
#.≈# #.~#
........~≈~~~~≈
#......o.....oo


You could see Lodul, a hornet, 4 vampire mosquitoes, 2 ogres and an orc.

Vanquished Creatures
  Gastronok (D:8)
  A cyclops (D:8)
  A komodo dragon (D:9)
  A troll (D:9)
  A vampire (D:9)
  Sigmund (D:3)
  A wyvern (D:7)
  14 yaks
  Grum (D:8)
  3 water moccasins
  An ice beast (D:5)
  A sky beast (D:6)
  A hornet zombie (Ossuary)
  2 orc warriors
  A black bear (D:6)
  An ogre (D:4)
  3 wolves (D:8)
  2 kobold brigands (D:9)
  2 gnoll sergeants
  5 bullfrogs
  4 wyvern zombies (Ossuary)
  4 water moccasin zombies (Ossuary)
  A scorpion (D:6)
  14 wights
  8 killer bees
  3 howler monkeys (D:7)
  6 bullfrog zombies (Ossuary)
  4 centaur zombies (Ossuary)
  2 hounds
  2 gnoll boudas
  3 jellies
  6 orc priests
  A sleepcap (D:7)
  Jessica (D:3)
  14 orc wizards
  3 killer bee zombies (Ossuary)
  15 mummies (Ossuary)
  A howler monkey zombie (Ossuary)
  19 gnolls
  12 adders
  3 river rats (D:5)
  A shadow imp (D:6)
  2 white imps
  A worm (D:5)
  A dart slug (D:3)
  58 orcs
  15 ball pythons
  11 endoplasms
  11 giant cockroaches
  5 goblins
  9 hobgoblins
  7 kobolds
  7 quokkas
  4 bats
  12 frilled lizards
  9 rats
323 creatures vanquished.

Notes
Turn   | Place    | Note
-------+----------+-------------------------------------------
     0 | D:1      | DocClef the Troll Shapeshifter began the quest for the Orb.
     0 | D:1      | Reached XP level 1. HP: 18/18 MP: 0/0
    27 | D:1      | Reached skill level 1 in Fighting
    31 | D:1      | Reached XP level 2. HP: 27/27 MP: 1/1
    95 | D:1      | Found a faded altar of an unknown god.
   386 | D:2      | Reached XP level 3. HP: 33/33 MP: 2/2
  1003 | D:3      | Noticed Sigmund
  1083 | D:3      | Noticed Jessica
  1090 | D:3      | Killed Jessica
  1091 | D:3      | Reached XP level 4. HP: 26/42 MP: 3/3
  1268 | D:3      | Reached skill level 4 in Unarmed Combat
  1270 | D:3      | Reached XP level 5. HP: 39/50 MP: 4/4
  1480 | D:3      | Killed Sigmund
  1481 | D:3      | Reached XP level 6. HP: 55/61 MP: 5/5
  1519 | D:3      | Found an iron altar of Okawaru.
  1520 | D:3      | Found a hazy altar of Hepliaklqana.
  1520 | D:3      | Found a stormy altar of Qazlal.
  1521 | D:3      | Found a broken altar of Ashenzari.
  1528 | D:3      | Became a worshipper of Warmaster Okawaru
  2083 | D:4      | Reached skill level 5 in Unarmed Combat
  2165 | D:4      | Reached XP level 7. HP: 58/67 MP: 6/6
  2193 | D:4      | Reached skill level 5 in Shapeshifting
  2372 | D:4      | Found a sand-covered staircase.
  2381 | Ossuary  | Entered an ossuary
  2453 | Ossuary  | Reached * piety under Okawaru
  2513 | Ossuary  | Reached skill level 6 in Unarmed Combat
  2548 | Ossuary  | Reached XP level 8. HP: 65/79 MP: 7/7
  2675 | Ossuary  | Reached skill level 5 in Fighting
  2686 | Ossuary  | Reached ** piety under Okawaru
  2751 | Ossuary  | Reached skill level 7 in Unarmed Combat
  3289 | D:5      | Entered Level 5 of the Dungeon
  3401 | D:5      | Found a staircase to the Ecumenical Temple.
  3561 | D:5      | Found Heuturghi's General Store.
  3569 | D:5      | Bought a potion of curing for 39 gold pieces
  3745 | D:5      | Found a glowing drain.
  3754 | Sewer    | Entered a sewer
  3770 | Sewer    | Reached skill level 1 in Invocations
  3889 | Sewer    | Reached XP level 9. HP: 88/88 MP: 8/8
  4387 | Temple   | Entered the Ecumenical Temple
  4894 | D:6      | Reached *** piety under Okawaru
  5162 | D:7      | Reached skill level 8 in Unarmed Combat
  5454 | D:7      | Found a shadowy altar of Dithmenos.
  5787 | D:7      | Noticed Stellion's ghost (novice DECj)
  5848 | D:7      | Found a transporter.
  5850 | D:7      | Found a transporter.
  6217 | D:8      | Reached **** piety under Okawaru
  6218 | D:8      | Reached XP level 10. HP: 88/100 MP: 11/11
  6403 | D:8      | Noticed Grum
  6416 | D:8      | Killed Grum
  6561 | D:8      | Noticed Gastronok
  6588 | D:8      | Killed Gastronok
  6588 | D:8      | Reached ***** piety under Okawaru
  6589 | D:8      | Reached skill level 9 in Unarmed Combat
  6589 | D:8      | Reached skill level 5 in Invocations
  6847 | D:8      | Noticed a cyclops
  6860 | D:8      | Killed a cyclops
  7509 | D:9      | Received a gift from Okawaru
  7553 | D:9      | Found a snail-covered altar of Cheibriados.
  7553 | D:9      | Found a basalt altar of Yredelemnul.
  7577 | D:9      | Identified the +9 broad axe of the Equinox {spect, rPois}
  7645 | D:9      | Found a staircase to the Orcish Mines.
  7676 | D:9      | Reached XP level 11. HP: 47/110 MP: 14/14
  7738 | D:9      | Found Tizxaged's Weapon Shop.
  7741 | D:9      | Found Letek's Jewellery Shop.
  7741 | D:9      | Found Meh Qinle's Book Shop.
  7821 | D:9      | Found Jidesm's Armour Shop.
  7963 | D:9      | Found a staircase to the Lair.
  8198 | D:10     | Entered Level 10 of the Dungeon
  8217 | D:10     | Reached skill level 10 in Unarmed Combat
  8260 | D:10     | Noticed Lodul
  8269 | D:10     | HP: 2/97 [vampire mosquito (7)]
  8269 | D:10     | Annihilated by Lodul

Illustrated notes

Levels and vault maps discovered:
D:1:      roadster_arrival_rocket_large, layout_rooms,
          chequers_ecumenical_altar_simple_redux
D:2:      layout_basic, minivault_14
D:3:      layout_basic, chequers_temple_overflow_statue_of_worship,
          grunt_ministairs_15, uniq_jessica, uniq_sigmund
D:4:      layout_basic, enter_ossuary_1
D:5:      layout_basic, minmay_temple_entry_mist, portal_sewer_entry_e,
          serial_shops, shop, kennysheep_flooded_box
D:6:      layout_gridville
D:7:      layout_gridville, mainiacjoe_overflow_concentric_impassable,
          nzn_ghost_randoct
D:8:      layout_loops_ring, serial_rivers, chequers_serial_rivers_micro_c,
          chequers_serial_rivers_room_a, chequers_serial_rivers_micro_a,
          chequers_serial_rivers_micro_d, uniq_grum, uniq_gastronok
D:9:      layout_gridville, gammafunk_temple_overflow_elements,
          david_lair_shrubbed, hiddenorc2_lemuel, minmay_shop_grid_forest
D:10:     layout_loops_ring, nicolae_trove_entry_diagonal, enter_bailey_3,
          uniq_lodul, uniq_josephine
Temple:   minmay_freezing_vapour_temple

Skill      XL: |  1  2  3  4  5  6  7  8  9 10 11 |
---------------+----------------------------------+-----
Fighting       | 1 2 3 4 5 6 7 8 |  8.2
Unarmed Combat | 4 5 6 7 8 9 10 | 10.1
Shapeshifting  | 4 5 6 7 9 |  9.3
Invocations    | 1 3 5 |  5.8
Dodging        | |  1.5

Action                     |  1- 3 |  4- 6 |  7- 9 | 10-12 || total
---------------------------+-------+-------+-------+-------++-------
  Melee: Unarmed           |    86 |    89 |   423 |   288 ||   886
         Punch             |     2 |     3 |    21 |       ||    26
 Invoke: Heroism           |       |       |       |     2 ||     2
    Use: Scroll            |       |     1 |     8 |     4 ||    13
   Stab: Sleeping          |       |     2 |     1 |       ||     3
 Armour: Animal skin       |    47 |    50 |   260 |   143 ||   500
         Troll leather arm |       |       |       |    63 ||    63
  Dodge: Dodged            |    33 |    32 |   181 |   119 ||   365
   Form: Flux              |       |       |     1 |       ||     1

Table legend: (Time is in decaauts)
 A = Elapsed time spent in this place.
 B = Non-inter-level travel time spent in this place.
 C = Inter-level travel time spent in this place.
 D = Time resting spent in this place.
 E = Time spent auto-exploring this place.
 F = Levels seen in this place.
 G = Mean time per level.
                   A        B        C        D        E       F      G
               +--------+--------+--------+--------+--------+-----+--------+
         Total |   8152 |   7809 |    343 |    316 |   5505 |  13 |  627.1 |
       Dungeon |   7241 |   6898 |    343 |    257 |   5113 |  10 |  724.1 |
        Temple |      1 |      1 |      0 |      0 |      0 |   1 |    1.0 |
         Sewer |    432 |    432 |      0 |      0 |    241 |   1 |  432.0 |
       Ossuary |    477 |    477 |      0 |     59 |    151 |   1 |  477.0 |
               +--------+--------+--------+--------+--------+-----+--------+

Top non-repeatable levels by time:
     D:8: 1155 daAuts
     D:9: 951 daAuts
     D:7: 925 daAuts
     D:4: 924 daAuts
     D:3: 822 daAuts
     D:5: 702 daAuts
     D:6: 676 daAuts
     D:2: 655 daAuts
 Ossuary: 477 daAuts
   Sewer: 432 daAuts
     D:1: 374 daAuts
    D:10: 51 daAuts
  Temple: 1 daAuts
